 Dungeon Crawl Stone Soup version 0.25.1-2-g60ff931df9 (webtiles) character file.

Game seed: 9949716621367502361

3458 Eitelfritz the Carver (level 9, 0/78 HPs)
             Began as a Minotaur Gladiator on Aug 9, 2020.
             Was a Priest of Okawaru.
             Killed by divine providence
             ... invoked by an orc priest
              (8 damage)
             ... on level 7 of the Dungeon.
             The game lasted 00:19:07 (5893 turns).

Eitelfritz the Carver (Minotaur Gladiator)          Turns: 5893, Time: 00:19:07

Health: 0/78       AC: 17    Str: 19    XL:     9   Next: 78%
Magic:  9/11       EV: 12    Int:  8    God:    Okawaru [***...]
Gold:   298        SH:  0    Dex: 12    Spells: 8/8 levels left

rFire    . . .     SeeInvis .   a - +0 long sword (vorpal)
rCold    . . .     Gourm    .   (no shield)
rNeg     . . .     Faith    .   k - +0 chain mail
rPois    +         Spirit   .   c - +1 hat
rElec    .         Reflect  .   h - +1 cloak {rPois}
rCorr    .         Harm     .   m - +0 pair of gloves
MR       .....                  (no boots)
Stlth    ..........             (no amulet)
HPRegen  0.23/turn              t - ring of flight
MPRegen  0.12/turn              (no ring)

@: heroism, hasted, very quick
A: retaliatory headbutt, horns 2
a: Heroism, Renounce Religion, Evoke Flight


You were on level 7 of the Dungeon.
You worshipped Okawaru.
Okawaru was most pleased with you.
You were not hungry.

You visited 2 branches of the dungeon, and saw 8 of its levels.

You collected 298 gold pieces.

Inventory:

Hand Weapons
 a - a +0 vorpal long sword (weapon)
 b - a +0 shortbow
 d - a +3 flail of protection
 q - a +1 long sword
Missiles
 y - a throwing net (quivered)
 z - 38 arrows
Armour
 c - a +1 hat (worn)
 h - a +1 cloak of poison resistance (worn)
 k - a +0 chain mail (worn)
 m - a +0 pair of gloves (worn)
 s - cursed +0 swamp dragon scales
Jewellery
 t - a ring of flight (left hand)
Wands
 v - a wand of disintegration (9)
 x - a wand of random effects (12)
 A - a wand of flame (15)
Scrolls
 e - 3 scrolls of teleportation
 n - 8 scrolls of remove curse
 C - 2 scrolls of summoning
 E - a scroll of magic mapping {unknown}
Potions
 i - 6 potions of curing
 j - a potion of might
 l - a potion of brilliance {unknown}
 p - a potion of lignification {unknown}
 r - 2 potions of ambrosia {unknown}
 u - a potion of stabbing {unknown}
 w - 2 potions of mutation
Comestibles
 f - 14 rations
 o - 5 chunks of flesh


   Skills:
 + Level 6.6(11.6) Fighting
 + Level 11.1(16.1) Long Blades
 + Level 2.5(7.5) Throwing
 + Level 6.8(11.8) Armour
 + Level 4.8(9.8) Dodging
 + Level 0.8(5.8) Stealth
 * Level 3.6 Invocations
 * Level 4.3 Evocations


You had 8 spell levels left.
You didn't know any spells.
Your spell library was empty.

Dungeon Overview and Level Annotations

Branches:
Dungeon (7/15)             Temple (1/1) D:5

Altars:
Dithmenos
Elyvilon
Gozag
Kikubaaqudgha
Makhleb
Okawaru
Sif Muna
Trog
Uskayaw
Wu Jian
Yredelemnul
The Shining One


Innate Abilities, Weirdness & Mutations

You reflexively headbutt those who attack you in melee.
You have a pair of horns on your head.


Message History

* * * LOW HITPOINT WARNING * * *
Things that are here:
a +0 hand axe; a +0 chain mail; an orc corpse You hit the orc priest.
The orc priest is moderately wounded.
You barely miss the orc priest.
The orc priest is moderately wounded.
The orc priest hits you but does no damage.
You closely miss the orc priest.
The orc priest is moderately wounded.
You closely miss the orc priest.
The orc priest is moderately wounded.
The orc priest hits you with a +0 club.
* * * LOW HITPOINT WARNING * * *
You slash the orc priest!
You kill the orc priest!
Okawaru accepts your kill.
The orc priest calls down the wrath of Beogh upon you.
Beogh smites you!
You die...

#.. #.# ...
####.#...# ...
..##.#...# #F#
#.##.#...# #.#
#.##.#...# ..#####o#
#.##.#...# ......o.#
#.##.#...#
..(....)####.##.#..<#
.%#####WF@.......<..#
######........#
#..#.##.##
.....#.....#
###.#####..# ... ...
##.# ..## #.# ..#


You could see a hungry ghost, a bullfrog and an orc priest.

Vanquished Creatures
  Pikel (D:4)
  Maggie (D:6)
  Grinder (D:6)
  Sigmund (D:6)
  Menkaure (D:4)
  Edmund (D:5)
  Duvessa (D:4)
  2 orc warriors
  A phantom (D:5)
  2 sky beasts (D:6)
  A necrophage (D:5)
  2 ogres
  A centaur (D:6)
  Blork the orc (D:6)
  3 bullfrogs
  Dowan (D:4)
  2 scorpions
  3 howler monkeys
  2 centaur zombies
  A jelly (D:6)
  A hound (D:5)
  3 orc priests
  A centaur skeleton (D:6)
  Crazy Yiuf (D:4)
  An iguana (D:4)
  4 orc wizards
  3 worker ants
  A hound skeleton (D:4)
  A howler monkey zombie (D:5)
  Robin (D:4)
  5 adders
  2 shadow imps (D:5)
  An adder skeleton (D:4)
  3 worms
  4 dart slugs
  4 leopard geckos
  21 orcs
  12 giant cockroaches
  10 hobgoblins
  10 jackals
  2 quokkas
  A ball python (D:2)
  4 bats
  3 frilled lizards (D:1)
  14 goblins
  A jackal skeleton (D:6)
  5 kobolds (D:1)
  A leopard gecko skeleton (D:5)
  2 quokka skeletons (D:5)
  8 rats
159 creatures vanquished.

Notes
Turn   | Place    | Note
-------+----------+-------------------------------------------
     0 | D:1      | Eitelfritz the Minotaur Gladiator began the quest for the
                  | Orb.
     0 | D:1      | Reached XP level 1. HP: 18/18 MP: 0/0
   178 | D:1      | Reached XP level 2. HP: 24/25 MP: 1/1
   388 | D:1      | Reached skill level 4 in Long Blades
   693 | D:2      | Reached XP level 3. HP: 25/31 MP: 2/2
  1560 | D:3      | Reached XP level 4. HP: 30/38 MP: 3/3
  1954 | D:3      | Reached skill level 1 in Armour
  2315 | D:4      | Reached skill level 5 in Long Blades
  2332 | D:4      | Noticed Robin
  2352 | D:4      | Killed Robin
  2404 | D:4      | Noticed Dowan
  2435 | D:4      | Killed Dowan
  2435 | D:4      | Reached XP level 5. HP: 39/45 MP: 4/4
  2570 | D:4      | Noticed Duvessa
  2587 | D:4      | Killed Duvessa
  2587 | D:4      | Reached skill level 6 in Long Blades
  2587 | D:4      | Reached XP level 6. HP: 15/51 MP: 5/5
  3044 | D:4      | Noticed Menkaure
  3097 | D:5      | Entered Level 5 of the Dungeon
  3097 | D:5      | Noticed Edmund
  3124 | D:5      | Killed Edmund
  3124 | D:5      | Reached skill level 7 in Long Blades
  3201 | D:5      | Reached XP level 7. HP: 18/58 MP: 6/6
  3396 | D:5      | Reached skill level 8 in Long Blades
  3858 | D:5      | Reached skill level 5 in Fighting
  3982 | D:5      | Found a staircase to the Ecumenical Temple.
  4038 | D:5      | Found an iron altar of Okawaru.
  4057 | D:5      | Reached skill level 9 in Long Blades
  4057 | D:5      | Reached XP level 8. HP: 68/68 MP: 7/7
  4167 | Temple   | Entered the Ecumenical Temple
  4373 | Temple   | Became a worshipper of Warmaster Okawaru
  4465 | D:4      | Killed Menkaure
  4465 | D:4      | Reached skill level 1 in Evocations
  4658 | D:4      | Noticed Pikel
  4690 | D:4      | Killed Pikel
  4690 | D:4      | Reached * piety under Okawaru
  4690 | D:4      | Reached skill level 5 in Armour
  4690 | D:4      | Reached skill level 1 in Invocations
  4785 | D:4      | Reached skill level 10 in Long Blades
  4963 | D:4      | Found a runed translucent door.
  4964 | D:4      | Noticed Crazy Yiuf
  4993 | D:4      | Paralysed by something for 2 turns
  4997 | D:4      | Killed Crazy Yiuf
  5151 | D:6      | Noticed Blork the orc
  5154 | D:6      | Reached XP level 9. HP: 57/75 MP: 8/10
  5161 | D:6      | Noticed Maggie
  5182 | D:6      | Killed Blork the orc
  5182 | D:6      | Reached ** piety under Okawaru
  5206 | D:6      | Killed Maggie
  5249 | D:6      | Noticed Sigmund
  5267 | D:6      | Killed Sigmund
  5267 | D:6      | Reached *** piety under Okawaru
  5342 | D:6      | Noticed Grinder
  5346 | D:6      | Paralysed by Grinder for 2 turns
  5358 | D:6      | Killed Grinder
  5531 | D:6      | Reached skill level 11 in Long Blades
  5759 | D:6      | Found a basalt altar of Yredelemnul.
  5893 | D:7      | Killed from afar by an orc priest

Illustrated notes

Levels and vault maps discovered:
D:1:      eino_arrival_water_cross, layout_basic,
          hangedman_abyss_or_decor_lesser_grid
D:2:      layout_basic
D:3:      layout_basic
D:4:      layout_basic, uniq_crazy_yiuf_cottage, uniq_menkaure, uniq_duvessa,
          uniq_robin, uniq_pikel
D:5:      layout_rooms, minmay_temple_entry_statues, first_ration, minivault_23,
          okawaru_ov_weapons_minmay, uniq_edmund
D:6:      layout_basic, lemuel_coloured_pillars_altar, minmay_misc_feat_hallway,
          uniq_sigmund, uniq_maggie, uniq_blork_the_orc, uniq_grinder
D:7:      layout_loops_ring, nicolae_overflow_crystal_walls, enter_bailey_6
Temple:   minmay_temple_curvy_loop

Skill      XL: |  1  2  3  4  5  6  7  8  9 |
---------------+----------------------------+-----
Long Blades    | 4 5 6 7 9 10 11 | 11.1
Fighting       | 3 5 6 |  6.6
Armour         | 2 3 4 5 6 |  6.8
Dodging        | 4 |  4.8
Evocations     | 3 4 |  4.3
Invocations    | 2 3 |  3.6
Throwing       | |  2.5
Stealth        | |  0.8

Action                   |  1- 3 |  4- 6 |  7- 9 || total
-------------------------+-------+-------+-------++-------
Melee: Long sword        |    75 |   125 |   298 ||   498
       Headbutt          |    13 |    26 |    66 ||   105
       Punch             |       |       |     2 ||     2
Throw: Throwing net      |       |     3 |       ||     3
Invok: Heroism           |       |       |     2 ||     2
  Use: Scroll            |       |     8 |     5 ||    13
       Potion            |       |       |     4 ||     4
 Stab: Sleeping          |     1 |       |       ||     1
  Eat: Chunk             |     2 |     5 |     6 ||    13
       Ration            |       |       |     1 ||     1
Armor: Leather armour    |    23 |     2 |       ||    25
       Chain mail        |       |    63 |   141 ||   204
Dodge: Dodged            |    43 |    50 |   120 ||   213
       Rpst.: Long sword |    11 |    10 |    34 ||    55
